 Dungeon Crawl Stone Soup version 0.22.1-2-g9c5b331 (webtiles) character file.

380 tidbits the Caller (level 6, -7/44 HPs)
             Began as a Gnoll Summoner on Dec 5, 2018.
             Was an Initiate of Cheibriados.
             Mangled by Duvessa
             ... wielding a +0 short sword
              (15 damage)
             ... on level 6 of the Dungeon.
             The game lasted 00:14:13 (1572 turns).

tidbits the Caller (Gnoll Summoner)                 Turns: 1572, Time: 00:14:13

Health: -7/44      AC:  2    Str: 11    XL:     6   Next: 75%
Magic:  6/14       EV: 15    Int: 20    God:    Cheibriados [......]
Gold:   104        SH:  0    Dex: 17    Spells: 2/15 levels left

rFire    . . .     SeeInvis .   t - +0 flail
rCold    . . .     Gourm    .   (no shield)
rNeg     . . .     Faith    .   i - +0 robe
rPois    .         Spirit   .   (no helmet)
rElec    .         Reflect  .   (no cloak)
rCorr    .         Harm     .   (no gloves)
MR       .....                  (no boots)
Stlth    +++.......             (no amulet)
HPRegen  0.14/turn              (no ring)
MPRegen  0.14/turn              (no ring)

@: about to teleport, very slightly contaminated, very slow
A: distributed training, fangs 1, strong nose
a: Bend Time, Renounce Religion


You were on level 6 of the Dungeon.
You worshipped Cheibriados.
Cheibriados was noncommittal.
You were not hungry.

You visited 2 branches of the dungeon, and saw 7 of its levels.

You collected 104 gold pieces.

Inventory:

Hand Weapons
 a - a +0 dagger
 b - a +0 war axe
 f - a +0 club
 k - a +0 short sword
 m - a +0 long sword
 t - a +0 flail (weapon)
Missiles
 q - 40 sling bullets
 s - 21 arrows
Armour
 i - a +0 robe (worn)
 r - a +0 ring mail
Jewellery
 u - an uncursed ring of teleportation
   (You found it on level 6 of the Dungeon)
Scrolls
 e - a scroll of noise {!r}
 h - a scroll of remove curse
 p - a scroll of immolation {!r}
Potions
 o - a potion of brilliance
Comestibles
 c - 8 rations


   Skills:
 + Level 2.0 Fighting
 + Level 2.0 Short Blades
 + Level 2.0 Long Blades
 + Level 2.0 Axes
 + Level 2.0 Maces & Flails
 + Level 2.0 Polearms
 + Level 2.0 Staves
 + Level 2.0 Slings
 + Level 2.0 Bows
 + Level 2.0 Crossbows
 + Level 2.0 Throwing
 + Level 2.0 Armour
 + Level 5.0 Dodging
 + Level 4.6 Stealth
 + Level 2.0 Shields
 + Level 2.0 Unarmed Combat
 + Level 5.4 Spellcasting
 + Level 1.6 Conjurations
 + Level 1.6 Hexes
 + Level 1.6 Charms
 + Level 7.3 Summonings
 + Level 1.6 Necromancy
 + Level 1.6 Translocations
 + Level 1.6 Transmutations
 + Level 1.6 Fire Magic
 + Level 1.6 Ice Magic
 + Level 1.6 Air Magic
 + Level 1.6 Earth Magic
 + Level 1.6 Poison Magic
 + Level 2.2 Invocations
 + Level 2.0 Evocations


You had 2 spell levels left.
You knew the following spells:

 Your Spells              Type           Power        Failure   Level  Hunger
a - Summon Small Mammal   Summ           ####         1%          1    None
c - Call Canine Familiar  Summ           ####....     1%          3    ##.....
i - Call Imp              Summ           ####....     1%          2    None
r - Regeneration          Chrm/Necr      ##........   17%         3    ##.....
L - Summon Lightning Spi  Summ/Air       ###.....     17%         4    ####...

Your spell library contained the following spells:

 Spells                   Type           Power        Failure   Level  Hunger
 Animate Skeleton         Necr           N/A          6%          1    None
 Pain                     Necr           ##..         6%          1    None
 Summon Guardian Golem    Hex/Summ       ###.....     5%          3    ##.....
 Vampiric Draining        Necr           ##........   17%         3    ##.....
 Summon Ice Beast         Ice/Summ       ###.....     17%         4    ####...
 Animate Dead             Necr           N/A          50%         4    ####...


Dungeon Overview and Level Annotations

Branches:
Dungeon (6/15)             Temple (1/1) D:5

Altars:
Cheibriados
Dithmenos
Elyvilon
Gozag
Ru
Wu Jian
Zin

Annotations:
D:4 exclusion: skeleton, Sigmund
D:6 Duvessa, Edmund


Innate Abilities, Weirdness & Mutations

Your experience applies equally to all skills.
You have very sharp teeth.
Your uncanny sense of smell can sniff out nearby items.


Message History

Your Axes skill increases to level 2!
Your Maces & Flails skill increases to level 2!
Your Polearms skill increases to level 2!
Your Staves skill increases to level 2!
Your Slings skill increases to level 2!
Your Bows skill increases to level 2!
Your Crossbows skill increases to level 2!
Your Throwing skill increases to level 2!
Your Armour skill increases to level 2!
Your Shields skill increases to level 2!
Your Unarmed Combat skill increases to level 2!
Your Evocations skill increases to level 2!
The orc wizard casts a spell.
The orc wizard flickers and vanishes!
The centaur skeleton completely misses you.
The centaur skeleton barely misses you.
Your lightning spire shoots out a bolt of lightning at the centaur skeleton!
The bolt of electricity hits the centaur skeleton.
The bolt of electricity hits something. x2
Cheibriados appreciates the change of pace.
You feel a bit more experienced.
Unknown command.
Unknown command.
You hit the centaur skeleton.
The centaur skeleton is severely damaged.
Duvessa goes berserk!
The centaur skeleton misses you.
You hit the centaur skeleton.
The centaur skeleton is severely damaged.
You feel a little less clever now.
The centaur skeleton hits you but does no damage.
You hit the centaur skeleton.
You bite the centaur skeleton, but do no damage.
The centaur skeleton is almost destroyed.
The centaur skeleton completely misses you.
You hit the centaur skeleton.
You destroy the centaur skeleton!
Cheibriados appreciates the change of pace.
You hit something.
The orc throws a tomahawk.
The tomahawk hits you. Something barely misses you.
Firing (i - inventory) No suitable missiles.
Press: ? - help, Shift-Dir - straight line, f - orc
Aim: an orc
Okay, then.
You hit something but do no damage.
The orc throws a tomahawk.
The tomahawk closely misses you. Something barely misses you.
You closely miss something.
The orc throws a tomahawk.
The tomahawk completely misses you.
Duvessa rages.
Your lightning spire shoots out a bolt of lightning at the orc!
The bolt of electricity hits something.
The bolt of electricity hits the orc.
The orc dies!
Cheibriados appreciates the change of pace.
Something hits you. Something shocks you.
You hit something. You punch something.
Your lightning spire disappears in a puff of smoke!
Something hits you. Something shocks you.
* * * LOW HITPOINT WARNING * * *
Unknown command.
Casting: Summon Lightning Spire (slightly dangerous; 17% risk of failure)
Confirm with . or Enter, or press ? or * to list all spells.
Aiming: Summon Lightning Spire (slightly dangerous; 17% risk of failure)
Press: ? - help, Dir - move target cursor An electric hum fills the air.
Something hits you but does no damage.
Unknown command.
Wield which item (- for none, * to show all)? (? for menu, Esc to quit)
t - a +0 flail (weapon)
Unknown command.
You barely miss something.
A sky beast appears from thin air!
The sky beast hits you.
* * * LOW HITPOINT WARNING * * *
The sky beast shocks you.
* * * LOW HITPOINT WARNING * * *
The sky beast completely misses you.
Okay, then.
Unknown command.
You hear a shout!
Duvessa hits your lightning spire but does no damage.
Duvessa rages.
The sky beast hits you.
* * * LOW HITPOINT WARNING * * *
The sky beast shocks you.
* * * LOW HITPOINT WARNING * * *
Duvessa hits you but does no damage.
Okay, then.
Blink to where?
Press: ? - help, Dir - move target cursor You are very lightly contaminated with residual magic.
As you read the scroll labeled WUHAONA ZECYPPE, it crumbles to dust.
It was a scroll of blinking.
As you read the scroll labeled JOBOKE OMIE, it crumbles to dust.
The scroll dissolves into smoke.
It was a scroll of fog.
You hear a shout!
As you read the scroll labeled OSTEOMN NUREA, it crumbles to dust.
You smell baking bread.
It was a scroll of random uselessness.
None of your equipped items are cursed.
As you read the scroll labeled RAISACROWETH, it crumbles to dust.
You feel strangely unstable.
It was a scroll of teleportation.
Duvessa hits you with a short sword!
You die...

##### #...######
#........#
##...###.######
###..)........
#########......†....
#.§@e§§§..##........
#.§§§§§§..#########.
#.§§§§§§§.###### #.
#...........e.Y## ##
#.........####o.###
#.........# ##.o8#
#.........# ###)#
#.........# )(.
########### )..


You could see Duvessa (berserk).

Vanquished Creatures
  Dowan (D:6)
  A centaur skeleton (D:6)
  A jelly (D:5)
  2 worker ants
  An adder (D:2)
  2 orcs (D:5)
  2 hobgoblins (D:3)
  A frilled lizard (D:3)
  3 kobolds (D:2)
14 creatures vanquished.

Vanquished Creatures (collateral kills)
  An ogre (D:6)
  A water moccasin zombie (D:5)
  A scorpion (D:5)
  A hound (D:5)
  An orc priest (D:6)
  2 orc wizards
  An iguana (D:6)
  A hound skeleton (D:5)
  2 leopard geckos
  4 orcs
  A ball python (D:1)
  A giant cockroach (D:5)
  2 hobgoblins
  2 jackals (D:1)
  A kobold (D:1)
  4 frilled lizards
  A goblin (D:2)
  A leopard gecko skeleton (D:5)
  A rat (D:3)
29 creatures vanquished.

Grand Total: 43 creatures vanquished

Notes
Turn   | Place    | Note
-------+----------+-------------------------------------------
     0 | D:1      | tidbits the Gnoll Summoner began the quest for the Orb.
     0 | D:1      | Reached XP level 1. HP: 13/13 MP: 6/6
   277 | D:2      | Reached XP level 2. HP: 14/20 MP: 5/7
   317 | D:2      | Found a shadowy altar of Dithmenos.
   574 | D:5      | Entered Level 5 of the Dungeon
   601 | D:3      | Reached XP level 3. HP: 21/25 MP: 5/9
   606 | D:3      | Learned a level 3 spell: Call Canine Familiar
   848 | D:4      | Learned a level 2 spell: Call Imp
   864 | D:4      | Reached skill level 5 in Spellcasting
   864 | D:4      | Reached skill level 1 in Invocations
   868 | D:4      | Noticed Sigmund
   920 | D:5      | Reached skill level 1 in Fighting
   920 | D:5      | Reached skill level 1 in Short Blades
   920 | D:5      | Reached skill level 1 in Long Blades
   920 | D:5      | Reached skill level 1 in Axes
   920 | D:5      | Reached skill level 1 in Maces & Flails
   920 | D:5      | Reached skill level 1 in Polearms
   920 | D:5      | Reached skill level 1 in Staves
   920 | D:5      | Reached skill level 1 in Slings
   920 | D:5      | Reached skill level 1 in Bows
   920 | D:5      | Reached skill level 1 in Crossbows
   920 | D:5      | Reached skill level 1 in Throwing
   920 | D:5      | Reached skill level 1 in Armour
   920 | D:5      | Reached skill level 1 in Shields
   920 | D:5      | Reached skill level 1 in Unarmed Combat
   920 | D:5      | Reached skill level 1 in Conjurations
   920 | D:5      | Reached skill level 1 in Hexes
   920 | D:5      | Reached skill level 1 in Charms
   920 | D:5      | Reached skill level 1 in Necromancy
   920 | D:5      | Reached skill level 1 in Translocations
   920 | D:5      | Reached skill level 1 in Transmutations
   920 | D:5      | Reached skill level 1 in Fire Magic
   920 | D:5      | Reached skill level 1 in Ice Magic
   920 | D:5      | Reached skill level 1 in Air Magic
   920 | D:5      | Reached skill level 1 in Earth Magic
   920 | D:5      | Reached skill level 1 in Poison Magic
   920 | D:5      | Reached skill level 1 in Evocations
   920 | D:5      | Reached XP level 4. HP: 11/32 MP: 8/11
   941 | D:5      | Learned a level 3 spell: Regeneration
   947 | D:5      | Learned a level 4 spell: Summon Lightning Spire
  1020 | D:5      | Reached XP level 5. HP: 32/37 MP: 12/12
  1063 | D:5      | Found a glowing silver altar of Zin.
  1251 | D:5      | Found a staircase to the Ecumenical Temple.
  1257 | Temple   | Entered the Ecumenical Temple
  1272 | Temple   | Became a worshipper of Cheibriados the Contemplative
  1314 | D:6      | Noticed Duvessa
  1314 | D:6      | Noticed Dowan
  1376 | D:6      | Noticed Edmund
  1458 | D:6      | Reached XP level 6. HP: 44/44 MP: 8/13
  1498 | D:6      | Reached skill level 2 in Invocations
  1544 | D:6      | Noticed a sky beast
  1550 | D:6      | Reached skill level 5 in Dodging
  1551 | D:6      | Killed Dowan
  1551 | D:6      | Reached skill level 2 in Fighting
  1551 | D:6      | Reached skill level 2 in Short Blades
  1551 | D:6      | Reached skill level 2 in Long Blades
  1551 | D:6      | Reached skill level 2 in Axes
  1551 | D:6      | Reached skill level 2 in Maces & Flails
  1551 | D:6      | Reached skill level 2 in Polearms
  1551 | D:6      | Reached skill level 2 in Staves
  1551 | D:6      | Reached skill level 2 in Slings
  1551 | D:6      | Reached skill level 2 in Bows
  1551 | D:6      | Reached skill level 2 in Crossbows
  1551 | D:6      | Reached skill level 2 in Throwing
  1551 | D:6      | Reached skill level 2 in Armour
  1551 | D:6      | Reached skill level 2 in Shields
  1551 | D:6      | Reached skill level 2 in Unarmed Combat
  1551 | D:6      | Reached skill level 2 in Evocations
  1565 | D:6      | HP: 7/44 [sky beast (5)]
  1572 | D:6      | Mangled by Duvessa

Skill      XL: |  1  2  3  4  5  6 |
---------------+-------------------+-----
Spellcasting   | 5 |  5.4
Invocations    | 1 2 |  2.2
Fighting       | 1 2 |  2.0
Short Blades   | 1 2 |  2.0
Long Blades    | 1 2 |  2.0
Axes           | 1 2 |  2.0
Maces & Flails | 1 2 |  2.0
Polearms       | 1 2 |  2.0
Staves         | 1 2 |  2.0
Slings         | 1 2 |  2.0
Bows           | 1 2 |  2.0
Crossbows      | 1 2 |  2.0
Throwing       | 1 2 |  2.0
Armour         | 1 2 |  2.0
Shields        | 1 2 |  2.0
Unarmed Combat | 1 2 |  2.0
Conjurations   | 1 |  1.6
Hexes          | 1 |  1.6
Charms         | 1 |  1.6
Necromancy     | 1 |  1.6
Translocations | 1 |  1.6
Transmutations | 1 |  1.6
Fire Magic     | 1 |  1.6
Ice Magic      | 1 |  1.6
Air Magic      | 1 |  1.6
Earth Magic    | 1 |  1.6
Poison Magic   | 1 |  1.6
Evocations     | 1 2 |  2.0
Dodging        | 5 |  5.0
Stealth        | |  4.6
Summonings     | |  7.3

Action                   |  1- 3 |  4- 6 || total
-------------------------+-------+-------++-------
Melee: Unarmed           |    12 |       ||    12
       Bite              |     4 |     2 ||     6
       Dagger            |    23 |    17 ||    40
       War axe           |       |     3 ||     3
       Flail             |       |     1 ||     1
       Punch             |       |     1 ||     1
Throw: Javelin           |    19 |    21 ||    40
 Cast: Summon Small Mamm |    26 |       ||    26
       Call Canine Famil |     3 |     1 ||     4
       Call Imp          |     1 |       ||     1
       Regeneration      |       |     1 ||     1
       Summon Lightning  |       |     6 ||     6
  Use: Scroll            |       |     8 ||     8
       Potion            |       |     2 ||     2
 Stab: Sleeping          |       |     2 ||     2
  Eat: Ration            |     1 |     1 ||     2
Armor: Robe              |     5 |     4 ||     9
Dodge: Dodged            |    34 |    24 ||    58

Table legend:
 A = Turns spent in this place as a percentage of turns spent in the entire game.
 B = Non-inter-level travel turns spent in this place as a percentage of non-inter-level travel turns spent in the entire game.
 C = Inter-level travel turns spent in this place as a percentage of turns spent in this place.
 D = Turns resting spent in this place as a percentage of non-inter-level travel turns spent in this place.
 E = Turns spent auto-exploring this place as a percentage of non-inter-level travel turns spent in this place.
 F = Non-inter-level travel turns spent in this place divided by the number of levels of this place that you've seen.
                   A       B       C       D       E      F
               +-------+-------+-------+-------+-------+----------------------
         Total | 100.0 | 100.0 |   5.7 |   0.0 |   0.0 | 211.9
       Dungeon |  98.1 |  98.9 |   4.9 |   0.0 |   0.0 | 244.3
        Temple |   1.9 |   1.1 |  43.3 |   0.0 |   0.0 |  17.0
               +-------+-------+-------+-------+-------+----------------------

Table legend:
 A = Kills in this place as a percentage of kills in entire the game.
 B = Kills by you in this place as a percentage of kills by you in the entire game.
 C = Kills by friends in this place as a percentage of kills by friends in the entire game.
 D = Other kills in this place as a percentage of other kills in the entire game.
 E = Experience gained in this place as a percentage of experience gained in the entire game.
 F = Experience gained in this place divided by the number of levels of this place that you have seen.
                   A       B       C       D       E      F
               +-------+-------+-------+-------+-------+----------------------
         Total | 100.0 | 100.0 | 100.0 |   N/A | 100.0 |  77.7
       Dungeon | 100.0 | 100.0 | 100.0 |   N/A | 100.0 |  90.7
               +-------+-------+-------+-------+-------+----------------------

Vault maps used:
D:1:      dpeg_arrival_orchard, minmay_pentomino_w2
D:2:      grunt_dithmenos_smoke, first_ration
D:4:      kennysheep_mini, grunt_ministairs_7, uniq_sigmund, uniq_grinder
D:5:      makhleb_grotto_becter, zin_statuary,
          minmay_temple_entry_enclosed_plants
D:6:      uniq_edmund, uniq_duvessa, uniq_menkaure
Temple:   nicolae_temple_elliptical
